 Dungeon Crawl Stone Soup version 0.29-a0-338-g1ff7896281 (webtiles) character file.

Game seed: 1132296567745287994

25 Murumi the Insei (level 2, -1/24 HPs)
             Began as a Demigod Transmuter on Apr 19, 2022.
             Slain by an adder (3 damage)
             ... on level 2 of the Dungeon.
             The game lasted 00:05:15 (1987 turns).

Murumi the Insei (Demigod Transmuter)               Turns: 1987, Time: 00:05:15

Health: -1/24      AC:  2    Str: 11    XL:     2   Next: 66%
Magic:  7/7        EV: 12    Int: 15    God:
Gold:   109        SH:  0    Dex: 14    Spells: 2/5 levels left

rFire   . . .      SeeInvis .     - Unarmed
rCold   . . .      Faith    .   (no shield)
rNeg    . . .      Spirit   .   a - +0 robe
rPois   .          Reflect  .   (helmet currently unavailable)
rElec   .          Harm     .   (no cloak)
rCorr   .          Rampage  .   (no gloves)
Will    .....                   (boots currently unavailable)
Stlth   +.........              (no amulet)
HPRegen 0.08/turn               (no ring)
MPRegen 0.10/turn               (no ring)

@: appendages (expiring)
A: horns 2, talons 2, high MP 1, forlorn, divine attributes
a: End Transformation


You were on level 2 of the Dungeon.
You had temporarily grown beastly horns and talons.
You visited 1 branch of the dungeon, and saw 2 of its levels.

You collected 109 gold pieces.

Inventory:

Armour
 a - a +0 robe (worn)
 c - a +0 helmet (melded)
Scrolls
 d - a scroll of identify
Potions
 b - 2 potions of lignification


   Skills:
 - Level 2.0 Fighting
 + Level 0.4 Armour
 - Level 2.0 Dodging
 - Level 2.6 Unarmed Combat
 - Level 2.0 Spellcasting
 - Level 2.0 Transmutations


You had 2 spell levels left.
You knew the following spells:

 Your Spells              Type           Power      Damage    Failure   Level
a - Beastly Appendage     Tmut           14%        N/A       10%         1
b - Wereblood             Tmut           7%         N/A       14%         2

Your spell library contained the following spells:

 Spells                   Type           Power      Damage    Failure   Level
 Blink                    Tloc           2%         N/A       32%         2
 Spider Form              Tmut/Pois      4%         N/A       41%         3
 Ignite Poison            Fire/Tmut/Pois 3%         N/A       45%         3
 Conjure Flame            Conj/Fire      1%         6-21      54%         3
 Lesser Beckoning         Tloc           1%         N/A       54%         3
 Tukima's Dance           Hex            1%         N/A       54%         3
 Ice Form                 Ice/Tmut       4%         N/A       82%         4
 Anguish                  Hex/Necr       0%         N/A       91%         4
 Sticky Flame             Conj/Fire      1%         2d3       91%         4
 Manifold Assault         Tloc           1%         N/A       99%         5
 Enfeeble                 Hex            0%         N/A       100%        7


Dungeon Overview and Level Annotations

Branches:
Dungeon (2/15)


Innate Abilities, Weirdness & Mutations

You have temporarily grown beastly horns and talons.
You have an increased reservoir of magic. (+10% MP)
You shall have no god before yourself.
Your divine heritage dramatically boosts your attributes as you level up.


Message History

There is a shaft here.
The adder hisses angrily.
Casting: Beastly Appendage (safe; 10% risk of failure)
Confirm with . or Enter, or press ? or * to list all spells.
You grow a pair of large bovine horns.
Your feet morph into talons.
Your +0 helmet melds into your body.
The adder bites you.
You hit the adder but do no damage. Your kick misses the adder.
The adder bites you.
You are poisoned.
The adder poisons you!
You closely miss the adder. Your punch misses the adder.
You feel sick. The adder bites you.
You completely miss the adder. Your headbutt misses the adder.
Your transformation is almost over.
You feel sick. The adder closely misses you.
You barely miss the adder.
You feel sick. The adder barely misses you. The adder closely misses you.
You barely miss the adder.
You feel sick. The adder bites you.
You completely miss the adder. Your kick misses the adder.
Your headbutt misses the adder.
You feel sick. The adder closely misses you.
You are too injured to fight recklessly!
You are too injured to fight recklessly!
You hit the adder but do no damage.
You feel sick. The adder bites you.
You miss the adder. You claw the adder. Your headbutt misses the adder.
The adder is heavily wounded.
You feel sick.
You are no longer poisoned.
The adder bites you.
* * * LOW HITPOINT WARNING * * *
The adder barely misses you.
There is a shaft here.
You closely miss the adder. Your headbutt misses the adder.
The adder is heavily wounded.
The adder barely misses you.
You miss the adder. You claw the adder.
The adder is heavily wounded.
The adder bites you.
* * * LOW HITPOINT WARNING * * *
The adder bites you.
You die...

#.#..###.##
#<.......# #.#..##..#
#....).... #.....#.##
#.<.......
##......###
#......... ##.#.#...#
#........# #.#...#.##
#........#
#.##.....###.........
#.##>##...##.........
#..#@###..##......++'
.#.S.# ##...####..++'
#.### #...†..#..++_
#.# #.........+++ ..#
#......##.+++ .#.#
##.##.## #.. .....
... .# #.. .. .## #.#
## ### #.? . #.# #


You could see an adder.

Vanquished Creatures
  A dart slug (D:2)
  3 ball pythons
  4 endoplasms
  2 hobgoblins (D:1)
  3 bats (D:1)
  2 goblins
  5 kobolds
  4 rats
24 creatures vanquished.

Notes
Turn   | Place    | Note
-------+----------+-------------------------------------------
     0 | D:1      | Murumi the Demigod Transmuter began the quest for the Orb.
     0 | D:1      | Reached XP level 1. HP: 15/15 MP: 5/5
    42 | D:1      | Reached skill level 1 in Fighting
   348 | D:1      | Reached XP level 2. HP: 22/23 MP: 5/7
  1180 | D:2      | Learned a level 2 spell: Wereblood
  1987 | D:2      | Slain by an adder

Illustrated notes

Levels and vault maps discovered:
D:1:      ncdulo_halloftheorcs, layout_loops_ring
D:2:      layout_rooms, hellmonk_ecumenical_altar_heavens_door, basic_altar

Skill      XL: |  1  2 |
---------------+-------+-----
Fighting       | 1 2 |  2.0
Dodging        | 2 |  2.0
Transmutations | 2 |  2.0
Spellcasting   | 2 |  2.0
Armour         | |  0.4
Unarmed Combat | |  2.6

Action                   || total
-------------------------++-------
Melee: Unarmed           ||    71
       Kick              ||    13
       Headbutt          ||     5
       Punch             ||     2
 Cast: Beastly Appendage ||    17
  Use: Scroll            ||     2
 Stab: Sleeping          ||     2
Armor: Robe              ||     9
Dodge: Dodged            ||    34

Table legend: (Time is in decaauts)
 A = Elapsed time spent in this place.
 B = Non-inter-level travel time spent in this place.
 C = Inter-level travel time spent in this place.
 D = Time resting spent in this place.
 E = Time spent auto-exploring this place.
 F = Levels seen in this place.
 G = Mean time per level.
                   A        B        C        D        E       F      G
               +--------+--------+--------+--------+--------+-----+--------+
         Total |   1986 |   1896 |     90 |    259 |   1391 |   2 |  993.0 |
       Dungeon |   1986 |   1896 |     90 |    259 |   1391 |   2 |  993.0 |
               +--------+--------+--------+--------+--------+-----+--------+

Top non-repeatable levels by time:
     D:1: 1407 daAuts
     D:2: 578 daAuts
